Match 47358810
Unlisted

Match 47358810
End
Panzergrenadier Squad
Panzergrenadier Squad
Panzergrenadier Squad
Construct Light Support Kompanie
MG34 Team
Fire Support Elements
le.IG 18 Mechanized Group
Veteran Squad Leaders
2.5-tonne Medical Truck
Pak 38 Anti-tank Gun Team
Selects Battlefield Espionage Battlegroup
Selects 250/3 Funkpanzerwagen
Selects Anti-Tank Incendiary Munitions
Selects Intel Disruption Beacon
Construct Panzerarmee Kommand
Panzerpioneer Squad
Selects Plunder
Walking Stuka Rocket Launcher
Pak 38 Anti-tank Gun Team
Panzer III L Medium Tank
Emergency Repair Kits
Pak 38 Mechanized Group
Selects Firestorm
Armored Reserves
Firestorm
2.5-tonne Medical Truck
Firestorm
Panzer IV Assault Group
ManBearPig
dendos
kevin13042006
Gasiraky
0
0

Comments sign in to comment!

No comments posted yet!